 Dungeon Crawl Stone Soup version 0.24.1-1-gd1d2a07e1b (webtiles) character file.

Game seed: 15786812247654209933, levelgen mode: deterministic

749 Curus the Ruffian (level 7, -3/52 HPs)
             Began as a Demonspawn Berserker on Apr 9, 2020.
             Was an Elder of Trog.
             Shot with an arrow by a centaur (8 damage)
             ... on level 5 of the Dungeon.
             The game lasted 00:28:10 (2978 turns).

Curus the Ruffian (Demonspawn Berserker)            Turns: 2978, Time: 00:28:11

Health: -3/52      AC:  8    Str: 17      XL:     7   Next: 48%
Magic:  7/7        EV:  7    Int:  9      God:    Trog [****..]
Gold:   196        SH:  0    Dex: 12 (14) Spells: 6/6 levels left

rFire    . . .     SeeInvis .     - Unarmed
rCold    . . .     Gourm    .   (no shield)
rNeg     . . .     Faith    .   q - +0 chain mail (curse)
rPois    .         Spirit   .   (helmet restricted)
rElec    .         Reflect  .   (no cloak)
rCorr    .         Harm     +   (no gloves)
MR       ++...     Clarity  +   (no boots)
Stlth    ..........             f - amulet of harm
HPRegen  1.17/turn              (no ring)
MPRegen  0.10/turn              (no ring)

@: very slightly contaminated, regenerating, invisible
A: antennae 2, claws 2, hooves 1, clarity, deterioration 1, evolution 1, subdued
magic 1
a: Berserk, Trog's Hand, Brothers in Arms, Renounce Religion


You were on level 5 of the Dungeon.
You worshipped Trog.
Trog was greatly pleased with you.
You were hungry.

You visited 1 branch of the dungeon, and saw 5 of its levels.

You collected 196 gold pieces.

Inventory:

Hand Weapons
 a - a +2 spear
Armour
 b - a +0 animal skin
 d - a +0 chain mail
 e - a +0 ring mail
 q - a cursed +0 chain mail (worn)
Jewellery
 f - an amulet of harm (around neck)
 i - an uncursed amulet of rage
Wands
 n - a wand of flame (22)
Scrolls
 g - 2 scrolls of blinking
 j - a scroll of fear
 k - 3 scrolls of identify
 p - a scroll of fog
Potions
 l - a potion of might
 m - 3 potions of curing
Comestibles
 c - 10 rations


   Skills:
 - Level 3.0 Fighting
 - Level 3.2 Polearms
 - Level 1.7 Armour
 - Level 1.7 Dodging
 + Level 7.3 Unarmed Combat


You had 6 spell levels left.
You didn't know any spells.
Your spell library was empty.

Dungeon Overview and Level Annotations

Branches:
Dungeon (5/15)
 Temple: D:4-7

Altars:


Innate Abilities, Weirdness & Mutations

You have a pair of antennae on your head.
You have very sharp fingernails.
You have large cloven feet.
You possess an exceptional clarity of mind.
Your body sometimes deteriorates upon taking damage.
You evolve.
Your spells are a little easier to cast, but a little less powerful.


Message History

The quokka zombie is severely damaged.
The centaur shoots an arrow.
The arrow hits you!
Your body deteriorates!
You feel clumsy.
The quokka zombie bites you but does no damage.
You fade into invisibility!
The quokka zombie bites you but does no damage.
The centaur shoots an arrow.
The arrow closely misses the quokka zombie.
The arrow misses you.
You are very lightly contaminated with residual magic.
You claw the quokka zombie!
You destroy the quokka zombie!
Trog accepts your kill.
The centaur shoots an arrow.
The arrow hits you!
* * * LOW HITPOINT WARNING * * *
Your skin crawls.
You feel resistant to hostile enchantments.
You are feeling hungry.
The centaur shoots an arrow.
The arrow hits you!
You die...

......# #.##.
#.............
...##..
.....###............
..# ...
.##.................
.. ...
#.>........#........
......##..##...#....
.....##.....#.###..#
...........#### ###
...##...(.##
......S@..#
.......†.##
.#........#
...#...(.##
...#.....# #.
...#### ..c. .....


You could see a centaur and an adder.

Vanquished Creatures
  Sigmund (D:4)
  The ghost of Destapler the Covert, an amateur SpAs (D:4)
  A phantom (D:4)
  A centaur zombie (D:5)
  A bullfrog skeleton (D:5)
  2 orc priests
  A worker ant (D:4)
  A hound zombie (D:5)
  5 adders
  An ooze (D:1)
  2 worms (D:2)
  2 adder skeletons
  2 dart slugs
  4 leopard geckos
  17 orcs
  4 ball pythons
  5 giant cockroaches
  11 hobgoblins
  8 jackals
  3 quokkas
  12 bats
  4 frilled lizards
  9 goblins
  5 kobolds
  2 leopard gecko skeletons
  A quokka zombie (D:5)
  8 rats
114 creatures vanquished.

Notes
Turn   | Place    | Note
-------+----------+-------------------------------------------
     0 | D:1      | Curus the Demonspawn Berserker began the quest for the Orb.
     0 | D:1      | Reached XP level 1. HP: 18/18 MP: 1/1
    65 | D:1      | Gained mutation: You have large cloven feet. [demonic
                  | ancestry]
    65 | D:1      | Reached XP level 2. HP: 10/24 MP: 2/2
   345 | D:1      | Reached skill level 1 in Unarmed Combat
   518 | D:1      | Reached ** piety under Trog
   738 | D:2      | Gained mutation: You have sharp fingernails. [demonic
                  | ancestry]
   738 | D:2      | Reached XP level 3. HP: 29/29 MP: 3/3
   761 | D:2      | Reached skill level 2 in Unarmed Combat
  1222 | D:2      | Gained mutation: You have very sharp fingernails. [demonic
                  | ancestry]
  1222 | D:2      | Reached XP level 4. HP: 34/35 MP: 4/4
  1566 | D:3      | Reached skill level 3 in Unarmed Combat
  1723 | D:3      | Reached *** piety under Trog
  1785 | D:3      | Reached skill level 4 in Unarmed Combat
  1785 | D:3      | Gained mutation: You have a pair of small antennae on your
                  | head. [demonic ancestry]
  1785 | D:3      | Reached XP level 5. HP: 34/41 MP: 5/5
  2104 | D:4      | Noticed Sigmund
  2116 | D:4      | Killed Sigmund
  2116 | D:4      | Reached skill level 5 in Unarmed Combat
  2116 | D:4      | Reached XP level 6. HP: 17/47 MP: 6/6
  2126 | D:4      | HP: 2/47 [poisoned by Sigmund]
  2131 | D:4      | HP: 1/47 [poisoned by Sigmund]
  2413 | D:4      | Gained mutation: You evolve. [potion of mutation]
  2413 | D:4      | Gained mutation: Your body sometimes deteriorates upon
                  | taking damage. [potion of mutation]
  2413 | D:4      | Gained mutation: Your spells are a little easier to cast,
                  | but a little less powerful. [potion of mutation]
  2413 | D:4      | Gained mutation: You possess an exceptional clarity of
                  | mind. [potion of mutation]
  2539 | D:4      | Reached skill level 6 in Unarmed Combat
  2634 | D:4      | Found a runed translucent door.
  2634 | D:4      | Noticed Destapler's ghost (amateur SpAs)
  2796 | D:4      | Killed Destapler's ghost
  2796 | D:4      | Gained mutation: You have a pair of antennae on your head.
                  | [demonic ancestry]
  2796 | D:4      | Reached XP level 7. HP: 50/52 MP: 5/7
  2822 | D:5      | Entered Level 5 of the Dungeon
  2867 | D:5      | Reached skill level 7 in Unarmed Combat
  2869 | D:5      | Reached **** piety under Trog
  2978 | D:5      | Shot with an arrow by a centaur

Levels and vault maps discovered:
D:1:      dpeg_arrival_solitude, layout_rooms
D:2:      layout_loops_ring, serial_bayou_pond_b, minmay_goblin_outpost
D:3:      minmay_angry_zag, layout_basic
D:4:      layout_cave_pools, first_ration, ebering_ghost_reflecting_pool,
          kennysheep_flooded_box, minmay_checkerbox, uniq_sigmund
D:5:      layout_cave_pools

Skill      XL: |  1  2  3  4  5  6  7 |
---------------+----------------------+-----
Polearms       | 3 |  3.2
Unarmed Combat | 1 2 4 5 6 7 |  7.3
Fighting       | |  3.0
Armour         | |  1.7
Dodging        | |  1.7

Action                   |  1- 3 |  4- 6 |  7- 9 || total
-------------------------+-------+-------+-------++-------
Melee: Spear             |   137 |     6 |       ||   143
       Kick              |    19 |    35 |    10 ||    64
       Unarmed           |       |   132 |    32 ||   164
       Punch             |       |     1 |     5 ||     6
Invok: Berserk           |       |     2 |       ||     2
       Trog's Hand       |       |     2 |     1 ||     3
  Use: Scroll            |     9 |     3 |       ||    12
       Potion            |     6 |     3 |     1 ||    10
  Eat: Chunk             |     1 |     8 |       ||     9
Armor: Animal skin       |    12 |       |       ||    12
       Ring mail         |    14 |       |       ||    14
       Chain mail        |    23 |    60 |    18 ||   101
Dodge: Dodged            |    65 |    30 |    11 ||   106
